 Dungeon Crawl Stone Soup version 0.16-a0-3494-g28000b7 (webtiles) character file.

154 NewYearsCrawler the Ruffian (level 5, -1/50 HPs)
             Began as a Troll Monk on Jan 4, 2015.
             Slain by Grinder (4 damage)
             ... on level 3 of the Dungeon.
             The game lasted 00:01:33 (1547 turns).

NewYearsCrawler the Ruffian (Troll Monk)            Turns: 1547, Time: 00:01:33

Health: -1/50      AC:  5    Str: 20    XL:     5   Next: 13%
Magic:  2/2        EV: 10    Int:  6    God:
Gold:   55         SH:  0    Dex: 12    Spells: 0 memorised, 4 levels left

rFire  . . .     SeeInvis .       - Unarmed
rCold  . . .     Clarity  .     a - +0 robe
rNeg   . . .     SustAb   .     (shield restricted)
rPois  .         Gourm    +     (helmet restricted)
rElec  .         Spirit   .     (no cloak)
rCorr  .         Warding  .     (gloves unavailable)
rMut   .         Stasis   .     (boots unavailable)
MR     .....                    (no amulet)
Stlth  +.........               (no ring)
                                (no ring)

@: not resistant to hostile enchantments, very unstealthy
A: unfitting armour, antennae 1, claws 3, fast metabolism 3, gourmand, mutation
resistance 1, regeneration 2, shaggy fur 1, spit poison 1, tough skin 2
a: Spit Poison


You were on level 3 of the Dungeon.
You were not hungry.

You visited 1 branch of the dungeon, and saw 3 of its levels.

You collected 55 gold pieces.

Inventory:

Armour
 a - a +0 robe (worn)
Magical devices
 o - a wand of random effects (18)
Scrolls
 c - 2 scrolls of immolation {unknown}
 d - 2 scrolls of remove curse {unknown}
 e - a scroll of enchant weapon {unknown}
 f - a scroll of teleportation {unknown}
 g - 3 scrolls of identify {unknown}
 h - a scroll of noise {unknown}
 l - a scroll of fear {unknown}
 m - 3 scrolls of magic mapping {unknown}
Potions
 i - a potion of curing
Comestibles
 b - 4 meat rations
 j - a bread ration
 k - a beef jerky
 n - 3 fruits


   Skills:
 - Level 2.4 Fighting
 - Level 2.4 Dodging
 - Level 1.1 Stealth
 * Level 6.4 Unarmed Combat


You had 4 spell levels left.
You didn't know any spells.

Dungeon Overview and Level Annotations

Branches:
Dungeon (3/15)

Altars:
Dithmenos
Elyvilon

Annotations:
D:3 Grinder


Innate Abilities, Weirdness & Mutations

You are too large for most types of armour.
You have claws for hands.
Your metabolism is lightning-fast.
You like to eat raw meat.
You heal very quickly.
You are covered in fur (AC +1).
You have very tough skin (AC +2).
You have a pair of small antennae on your head.
You are somewhat resistant to further mutation.
You can spit poison.


Message History

Grinder hits you but does no damage.
You claw Grinder!
Grinder is almost dead.
Grinder hits you!
* * * LOW HITPOINT WARNING * * *
You writhe in agony.
* * * LOW HITPOINT WARNING * * *
Unknown command.
You completely miss Grinder.
Grinder is almost dead.
Grinder hits you.
* * * LOW HITPOINT WARNING * * *
You writhe in agony.
* * * LOW HITPOINT WARNING * * *
You closely miss Grinder.
Grinder is almost dead.
Grinder hits you.
* * * LOW HITPOINT WARNING * * *
You writhe in agony.
You die...

#.#............#..
#.#...............
#.#............. .
#.###.........
##.##..........
###...#...##..#.
#...............
#.........##.###
#...@..#### #
#...5........
#......#####
#......# #......#
#......# #......#
#......# ...


You could see Grinder.

Vanquished Creatures
  Ijyb (D:2)
  8 adders (D:2)
  A worm (D:2)
  An ooze (D:3)
  7 ball pythons
  5 goblins
  8 hobgoblins
  5 kobolds
  6 bats
  4 giant cockroaches
  A giant gecko (D:1)
  A giant newt (D:1)
  7 jackals
  2 rats
57 creatures vanquished.

Notes
Turn   | Place    | Note
--------------------------------------------------------------
     0 | D:1      | NewYearsCrawler, the Troll Monk, began the quest for the Orb.
     0 | D:1      | Reached XP level 1. HP: 22/22 MP: 1/1
    96 | D:1      | Reached XP level 2. HP: 29/29 MP: 1/1
   357 | D:2      | Found a white marble altar of Elyvilon.
   570 | D:2      | Reached skill level 5 in Unarmed Combat
   570 | D:2      | Reached XP level 3. HP: 36/36 MP: 2/2
   686 | D:2      | Reached XP level 4. HP: 33/44 MP: 2/2
   840 | D:2      | Noticed Ijyb
   857 | D:2      | Killed Ijyb
   857 | D:2      | Reached skill level 6 in Unarmed Combat
   975 | D:2      | Found a shadowy altar of Dithmenos.
  1214 | D:2      | Reached XP level 5. HP: 47/50 MP: 2/2
  1532 | D:3      | Noticed Grinder
  1536 | D:3      | Paralysed by Grinder for 3 turns
  1544 | D:3      | Gained mutation: You can spit poison. [potion of mutation]
  1544 | D:3      | Gained mutation: You have a pair of small antennae on your head. [potion of mutation]
  1544 | D:3      | Gained mutation: You are somewhat resistant to further mutation. [potion of mutation]
  1547 | D:3      | Slain by Grinder

Action                   |  1- 3 |  4- 6 || total
-------------------------+-------+-------++-------
Melee: Unarmed           |    61 |    87 ||   148
  Use: Potion            |       |     2 ||     2
 Stab: Sleeping          |     2 |     2 ||     4
  Eat: Chunk             |     7 |     7 ||    14
